 Dungeon Crawl Stone Soup version 0.27.1-4-g1640c2035a (webtiles) character file.

Game seed: 7986046188294245442

658592 Cykl0x the Minotaur Barricade (level 27, -30/273 HPs)
             Began as a Minotaur Fighter on Nov 11, 2021.
             Was the Champion of the Shining One.
             Killed from afar by a Hell Sentinel (48 damage)
             ... with an iron shot
             ... on level 7 of the Iron City of Dis on Nov 13, 2021.
             The game lasted 02:56:58 (77036 turns).

Cykl0x the Minotaur Barricade (Minotaur Fighter)   Turns: 77036, Time: 02:56:59

Health: -30/273    AC: 34    Str: 29    XL:     27
Magic:  20/32      EV: 13    Int: 11    God:    the Shining One [******]
Gold:   10214      SH: 51    Dex: 11    Spells: 34/36 levels left

rFire    + + .     SeeInvis .   h - +9 eudemon blade (holy)
rCold    + + .     Faith    .   x - +7 tower shield {AC+3}
rNeg     + + +     Spirit   .   g - +9 gold dragon scales
rPois    +         Reflect  +   a - +1 hat {Will+}
rElec    +         Harm     .   i - scarf {repulsion}
rCorr    +         Rampage  +   Z - +0 pair of gloves of the Furrier {rElec rN+ Regen+}
Will     ++++.                  s - +1 pair of boots "Hakumote" {Rampage rF+ rC+ Str-4}
Stlth    ..........             U - amulet of reflection
HPRegen  1.55/turn              p - ring of willpower
MPRegen  0.23/turn              o - ring of Suspicion {rCorr Int+4}

@: divinely shielded, corroded, glowing, studying 2 skills, repel missiles
A: horns 2, retaliatory headbutt, clever 1, MP-powered wands
}: 3/15 runes: decaying, silver, gossamer
a: Renounce Religion, Divine Shield, Cleansing Flame, Summon Divine Warrior


You were on level 7 of the Iron City of Dis.
You worshipped the Shining One.
The Shining One was exalted by your worship.
You visited 12 branches of the dungeon, and saw 56 of its levels.
You visited 1 bazaar.
You also visited: Desolation.

You collected 10807 gold pieces.
You spent 593 gold pieces at shops.

Inventory:

Hand Weapons
 h - a +9 eudemon blade of holy wrath (weapon)
Missiles
 c - 74 boomerangs
 k - 6 javelins
 z - 6 silver boomerangs
 H - 8 silver javelins (quivered)
Armour
 a - a +1 hat of willpower (worn)
 g - +9 gold dragon scales (worn)
 i - a scarf of repulsion (worn)
 s - the +1 pair of boots "Hakumote" (worn) {Rampage rF+ rC+ Str-4}
   (You found it in the Desolation of Salt)

   Str:       It affects your strength (-4).
   rF:        It protects you from fire.
   rC:        It protects you from cold.
   Rampage:   It bestows one free step when moving towards enemies.
 x - a +7 tower shield of protection (worn)
 Z - the +0 pair of gloves of the Furrier (worn) {rElec rN+ Regen+}
   (You bought it in a shop on level 4 of the Vaults)

   rElec:     It insulates you from electricity.
   rN:        It protects you from negative energy.
   Regen:     It increases your rate of health regeneration.
Jewellery
 b - a ring of protection from fire
 j - the ring of Naninwis {rPois rF- Will++ EV+4 Int+4}
   (You found it on level 5 of the Depths)

   [ring of evasion]

   EV:        It affects your evasion (+4).
   Int:       It affects your intelligence (+4).
   rF:        It makes you vulnerable to fire.
   rPois:     It protects you from poison.
   Will:      It greatly increases your willpower.
 o - the ring of Suspicion (right hand) {rCorr Int+4}
   (You took it off a servant of whispers in the Desolation of Salt)

   [ring of resist corrosion]

   Int:       It affects your intelligence (+4).
   rCorr:     It protects you from acid and corrosion.
 p - a ring of willpower (left hand)
 F - the ring of Fedhas's Hope {Fly rPois rF+}
   (You took it off a vault warden on level 5 of the Vaults)

   [ring of flight]

   rF:        It protects you from fire.
   rPois:     It protects you from poison.
   Fly:       It grants you flight.
 R - a ring of willpower
 U - an amulet of reflection (around neck)
 V - a ring of protection from cold
Wands
 d - a wand of acid (28)
 A - a wand of polymorph (18)
 E - a wand of charming (31)
 G - a wand of digging (13)
 J - a wand of flame (142)
 L - a wand of mindburst (57)
 O - a wand of iceblast (92)
 P - a wand of paralysis (18)
Scrolls
 m - 2 scrolls of holy word
 u - 13 scrolls of teleportation
 v - 7 scrolls of fog
 w - a scroll of summoning
 y - 2 scrolls of immolation
 B - 8 scrolls of fear
 C - 2 scrolls of blinking
 D - a scroll of silence
 N - 5 scrolls of magic mapping
 Q - 6 scrolls of amnesia
Potions
 e - 8 potions of flight
 l - 4 potions of mutation
 n - 6 potions of curing
 q - 5 potions of heal wounds
 r - 8 potions of brilliance
 t - 5 potions of might
 I - 4 potions of berserk rage
 K - 4 potions of resistance
 M - 3 potions of haste
 S - 6 potions of ambrosia
 T - 5 potions of magic
 X - 2 potions of cancellation


   Skills:
 O Level 27 Fighting
 - Level 17.0 Long Blades
 + Level 18.2 Throwing
 + Level 23.2 Armour
 * Level 19.7 Dodging
 O Level 27 Shields
 * Level 5.1 Spellcasting
 * Level 6.2 Transmutations
 - Level 14.2 Invocations
 + Level 1.2 Evocations


You had 34 spell levels left.
You knew the following spells:

 Your Spells              Type           Power      Damage    Failure   Level
a - Wereblood             Tmut           16%        N/A       19%         2

Your spell library contained the following spells:

 Spells                   Type           Power      Damage    Failure   Level
 Beastly Appendage        Tmut           32%        N/A       13%         1
 Sting                    Tmut/Pois      36%        1d4       41%         1
 Passwall                 Tmut/Erth      7%         N/A       56%         2
 Spider Form              Tmut/Pois      4%         N/A       80%         3
 Corona                   Hex            2%         N/A       86%         1
 Foxfire                  Conj/Fire      8%         2x1d4     86%         1
 Freeze                   Ice            8%         1d3       86%         1
 Shock                    Conj/Air       8%         1d3       86%         1
 Summon Small Mammal      Summ           8%         N/A       86%         1
 Ignite Poison            Fire/Tmut/Pois 7%         N/A       91%         3
 Blink                    Tloc           N/A        N/A       94%         2
 Corpse Rot               Necr/Air       N/A        N/A       94%         2
 Ensorcelled Hibernation  Hex/Ice        4%         N/A       94%         2
 Poisonous Vapours        Pois/Air       4%         N/A       94%         2
 Slow                     Hex            2%         N/A       94%         2
 Static Discharge         Conj/Air       2%         N/A       94%         2
 Sublimation of Blood     Necr           1%         N/A       94%         2
 Blade Hands              Tmut           8%         N/A       98%         5
 Call Canine Familiar     Summ           2%         N/A       99%         3
 Conjure Flame            Conj/Fire      2%         6-21      99%         3
 Frozen Ramparts          Ice            4%         1d2       99%         3
 Inner Flame              Hex/Fire       2%         N/A       99%         3
 Lesser Beckoning         Tloc           1%         N/A       99%         3
 Mephitic Cloud           Conj/Pois/Air  2%         N/A       99%         3
 Ozocubu's Armour         Ice            2%         N/A       99%         3
 Portal Projectile        Hex/Tloc       4%         N/A       99%         3
 Stone Arrow              Conj/Erth      4%         3d7       99%         3
 Summon Guardian Golem    Hex/Summ       2%         N/A       99%         3
 Swiftness                Air            2%         N/A       99%         3
 Ice Form                 Ice/Tmut       9%         N/A       99%         4
 Petrify                  Tmut/Erth      9%         N/A       99%         4
 Airstrike                Air            1%         N/A       100%        4
 Hailstorm                Conj/Ice       2%         3d3       100%        4
 Leda's Liquefaction      Hex/Erth       1%         N/A       100%        4
 Olgreb's Toxic Radiance  Pois           2%         N/A       100%        4
 Passage of Golubria      Tloc           N/A        N/A       100%        4
 Sticky Flame             Conj/Fire      2%         2d3       100%        4
 Summon Ice Beast         Ice/Summ       2%         N/A       100%        4
 Summon Lightning Spire   Summ/Air       2%         N/A       100%        4
 Bolt of Magma            Conj/Fire/Erth 1%         4d4       100%        5
 Excruciating Wounds      Necr           1%         N/A       100%        5
 Freezing Cloud           Conj/Ice/Air   1%         6-21      100%        5
 Irradiate                Conj/Tmut      4%         3d14      100%        5
 Lee's Rapid Deconstruct  Erth           1%         3d5*      100%        5
 Manifold Assault         Tloc           2%         N/A       100%        5
 Metabolic Englaciation   Hex/Ice        1%         N/A       100%        5
 Silence                  Hex/Air        1%         N/A       100%        5
 Conjure Ball Lightning   Conj/Air       1%         3x3d6     100%        6
 Invisibility             Hex            1%         N/A       100%        6
 Shadow Creatures         Summ           N/A        N/A       100%        6
 Simulacrum               Ice/Necr       1%         N/A       100%        6
 Statue Form              Tmut/Erth      6%         N/A       100%        6
 Malign Gateway           Summ/Tloc      1%         N/A       100%        7
 Ozocubu's Refrigeration  Ice            1%         4d5       100%        7
 Storm Form               Tmut/Air       4%         N/A       100%        7
 Summon Hydra             Summ           1%         N/A       100%        7
 Discord                  Hex            1%         N/A       100%        8
 Disjunction              Tloc           1%         N/A       100%        8
 Ignition                 Fire           1%         3d3       100%        8
 Lehudib's Crystal Spear  Conj/Erth      1%         10d2      100%        8
 Maxwell's Capacitive Co  Air            1%         ∞         100%        8
 Necromutation            Tmut/Necr      4%         N/A       100%        8
 Shatter                  Erth           1%         3d5*      100%        9


Dungeon Overview and Level Annotations

Branches:
Dungeon (15/15)            Temple (1/1) D:6            Lair (6/6) D:11
  Swamp (4/4) Lair:4       Spider (4/4) Lair:2        Slime (0/5) Lair:5
    Orc (2/2) D:10            Elf (3/3) Orc:2        Vaults (5/5) D:13
  Crypt (3/3) Vaults:3       Tomb (0/3) Crypt:3      Depths (5/5) D:15
   Hell (visited)             Dis (7/7) Hell            Geh (0/7) Hell
    Coc (0/7) Hell            Tar (0/7) Hell            Zot (0/5) Depths:5
Desolation (visited)

Altars:
Ashenzari
Cheibriados
Dithmenos
Elyvilon
Fedhas
Gozag
Hepliaklqana
Kikubaaqudgha
Makhleb
Nemelex Xobeh
Okawaru
Qazlal
Ru
Sif Muna
Trog
Uskayaw
Vehumet
Xom
Yredelemnul
Zin
The Shining One
Beogh
Lugonu

Shops:
D:1 !   D:4 :   D:11 *   Orc:2 =*[(   Vaults:1 :   Vaults:4 [

Portals:
Hell: Depths:1 Depths:2 Depths:3 Depths:4 Depths:5
Abyss: Depths:2 Depths:4
Pandemonium: Depths:1 Depths:3
Ziggurat: Depths:5

Annotations:
D:9 2 transporters, brob1's ghost, journeyman DjFE
D:11 2 transporters, Cykl0x's ghost, journeyman GrFi
Lair:4 exclusion: 4 oklob plants
Lair:5 exclusion: 3 oklob plants
Spider:4 1 runed translucent door, Vubreenic's ghost, adept CeHu


Innate Abilities, Weirdness & Mutations

You have a pair of horns on your head.
You reflexively headbutt those who attack you in melee.
Your mind is acute. (Int +2)
You expend magic power (3 MP) to strengthen your wands.


Message History

The golden flame engulfs the Hell Sentinel!
The Hell Sentinel writhes in agony!
The Hell Sentinel is lightly wounded.
The golden flame engulfs the war gargoyle!!
The war gargoyle is heavily damaged.
You feel sick.
You hear a shout!
You hear a deafening roar!
You hear a hideous shriek!
You hear a screech!
You hear a deafening roar!
The war gargoyle barely misses you.
You riposte.
You slash the war gargoyle!
You headbutt the war gargoyle, but do no damage.
The war gargoyle is severely damaged.
The Hell Sentinel hits you but does no damage.
You block the Hell Sentinel's attack. x3; You block the war gargoyle's attack.
Unknown command.
Unknown command.
The golden flame engulfs you but does no damage.
The golden flame engulfs the Hell Sentinel but does no damage.
The Hell Sentinel is severely wounded.
The golden flame engulfs the Hell Sentinel!!!
The Hell Sentinel writhes in agony!
The Hell Sentinel is heavily wounded.
The golden flame engulfs the war gargoyle!
The war gargoyle is almost destroyed.
You feel sick.
You are no longer poisoned.
You hear a deafening roar!
You hear a hideous shriek!
You block the Hell Sentinel's attack. x2; You block the war gargoyle's attack.
The Hell Sentinel hits you!
* * * LOW HITPOINT WARNING * * *
The Hell Sentinel hits you!
* * * LOW HITPOINT WARNING * * *
Unknown command.
Your shield is strengthened by the Shining One's divine power.
The tormentor calls on the powers of darkness!
Your body is wracked with pain!
* * * LOW HITPOINT WARNING * * *
You block the war gargoyle's attack.
You block the Hell Sentinel's attack. x2
The Hell Sentinel gestures at you. The iron shot hits you!!!
You die...

#..#
..........#
#..# #..#
#..# #..#
#..# #..#
#.1# #.@#
#19# #..#
#..# #.2#
#..# #..#
#..# #..'


You could see 2 Hell Sentinels, a war gargoyle and a tormentor.

Vanquished Creatures
  An ancient lich (Vaults:5)
  2 dread liches
  A juggernaut (Depths:3)
  Sojobo (Crypt:1)
  Frederick (Crypt:1)
  Boris (twice) (Vaults:3 Vaults:4)
  Bai Suzhen (Crypt:2)
  Margery (Depths:4)
  Geryon (Hell)
  6 caustic shrikes
  4 golden dragons
  6 bone dragons
  the Enchantress (Depths:3)
  A Tzitzimitl (Dis:6)
  A Brimstone Fiend (Dis:7)
  2 iron giants (Dis:2)
  A Hell Sentinel (Dis:7)
  4 tentacled monstrosities
  Rupert (Lair:3)
  5 liches
  3 quicksilver dragons
  3 deep elf blademasters (Elf:3)
  11 ancient champions
  A deep elf master archer (Elf:3)
  6 titans
  Gastronok (D:9)
  An Executioner (Dis:2)
  12 sphinxes
  2 thorn hunters (Swamp:4)
  A shadow dragon (shapeshifter) (Vaults:5)
  2 storm dragons
  A draconian monk (Depths:5)
  4 tengu reavers
  Roxanne (Swamp:2)
  5 shadow dragons
  Agnes (Spider:2)
  Donald (Vaults:3)
  10 frost giants
  10 iron dragons
  13 vault wardens
  A draconian knight (Depths:5)
  13 fire giants
  5 deep elf sorcerers
  5 balrugs
  6 ghost moths
  Aizul (Swamp:4)
  4 deep elf elementalists
  4 emperor scorpions
  3 cacodemons
  A curse skull (Crypt:1)
  2 spectral caustic shrikes (Depths:1)
  3 orc warlords
  9 ghouls
  4 spriggan defenders
  A quicksilver ooze (shapeshifter) (Vaults:5)
  28 reapers
  14 ironbound preservers
  13 war gargoyles
  15 stone giants
  17 very ugly things
  15 vampire knights
  A green draconian (Depths:5)
  A minotaur (Lair:1)
  9 deep elf demonologists
  2 lorocyprocas
  9 entropy weavers
  2 black draconians (Depths:5)
  A bunyip (shapeshifter) (D:15)
  3 spark wasps
  10 deep elf annihilators
  A dire elephant (Vaults:2)
  6 bunyips
  A purple draconian (Depths:5)
  2 halazid warlocks (Desolation)
  Snorg (D:12)
  An eidolon (Crypt:1)
  2 blizzard demons
  11 fire dragons
  4 eleionomae
  7 crystal guardians
  6 ragged hierophants (Desolation)
  14 ettins
  6 deep elf death magi
  2 jiangshi (Crypt:1)
  A shambling mangrove (Swamp:4)
  12 great orbs of eyes
  Josephine (D:15)
  10 deep elf high priests
  A green death (Dis:3)
  4 quicksilver dragon zombies
  9 yaktaur captains
  17 ice dragons
  11 rakshasas
  Harold (D:7)
  33 vault guards
  3 peacekeepers
  19 hydras
  The ghost of Nilyhal the Destroyer, a journeyman DrCj of Vehumet (Lair:1)
  3 hell beasts
  4 servants of whispers (Desolation)
  An ogre mage (D:13)
  4 boulder beetles
  An ironbound thunderhulk (Vaults:1)
  5 catoblepae
  6 spriggan air magi
  7 two-headed ogres
  10 alligators
  6 ironbound frosthearts
  5 deep troll shamans
  3 centaur warriors
  13 death yaks (Lair:6)
  11 deep troll earth magi
  5 death knights
  3 ironbound beastmasters
  40 dancing weapons
  13 tengu warriors
  12 hell hogs
  4 orc high priests (Orc:2)
  4 vampire magi
  12 deep elf knights
  The ghost of ghwc the Carver, a journeyman VSBe of Trog (Lair:2)
  2 titan zombies
  7 sun demons
  3 iron golems (Dis:2)
  7 soul eaters
  31 hell knights
  3 shadow wraiths
  5 spriggan berserkers
  3 iron trolls
  2 storm dragon zombies
  A storm dragon skeleton (Vaults:3)
  8 flayed ghosts
  3 titan skeletons
  A sea snake (shapeshifter) (Vaults:5)
  2 ghost moth zombies
  7 golden dragon zombies
  5 goliath frogs
  98 skeletal warriors
  5 spriggan druids
  A sixfirhy (Depths:3)
  A glowing orange brain (shapeshifter) (Vaults:5)
  50 deep trolls
  4 anaconda zombies
  2 tengu zombies
  2 golden dragon skeletons
  A kraken simulacrum (Hell)
  4 shadow dragon zombies
  11 wizards
  3 glowing orange brains
  14 necromancers
  An orange crystal statue (Vaults:2)
  9 swamp dragons
  2 spectral hydras (Swamp:4)
  15 ironbound convokers
  7 bog bodies
  10 phantasmal warriors
  14 orb spiders
  8 orc knights
  An anaconda skeleton (Crypt:2)
  42 wolf spiders
  21 deep elf pyromancers
  29 deep elf zephyrmancers
  4 lindwurms
  Pikel (D:6)
  5 harpies (Vaults:1)
  8 deep elf archers
  3 manticores
  A goliath frog zombie (Crypt:2)
  A wolf spider zombie (Dis:3)
  6 cyclopes
  5 orc sorcerers
  An iron dragon zombie (Dis:5)
  3 fire giant zombies
  34 ugly things
  A shadow dragon skeleton (Depths:1)
  3 oklob plants (Swamp:4)
  6 frost giant zombies
  7 stone giant zombies
  A moth of wrath (shapeshifter) (D:15)
  32 slime creatures
  A salamander (Depths:1)
  2 moths of wrath
  3 stone giant skeletons
  3 will-o-the-wisps
  2 iron dragon skeletons
  2 frost giant skeletons
  A shock serpent zombie (Dis:2)
  3 fire giant skeletons
  13 vault sentinels
  8 black mambas
  42 rust devils
  An ice statue (Hell)
  4 human skeletons
  3 molten gargoyles
  3 smoke demons (Hell)
  A guardian serpent (Desolation)
  3 dire elephant zombies
  12 cane toads
  3 emperor scorpion zombies
  3 unseen horrors
  2 orange demons (Depths:3)
  16 komodo dragons
  An efreet (D:13)
  3 torpor snails
  21 yaktaurs
  A catoblepas zombie (Dis:2)
  7 hellions
  Psyche (D:12)
  19 demonic crawlers
  5 rime drakes
  23 tormentors
  3 yaktaur skeletons (Vaults:3)
  14 ice devils
  A golden dragon simulacrum (Hell)
  11 freezing wraiths
  5 tengu conjurers
  3 harpy zombies
  13 red devils
  5 hydra zombies
  3 bloated husks
  44 jumping spiders
  A wandering mushroom (Lair:5)
  A jumping spider (shapeshifter) (Depths:3)
  7 trolls
  A jumping spider zombie (Crypt:1)
  12 tyrant leeches
  17 hornets
  A queen bee (shapeshifter) (Depths:2)
  4 polar bears
  24 saltlings (Desolation)
  2 fire dragon zombies
  A death drake skeleton (Swamp:4)
  7 blink frogs
  3 hydra skeletons
  5 ice dragon zombies
  8 ettin zombies
  7 dream sheep
  A deep troll skeleton (Depths:1)
  A frost giant simulacrum (Crypt:1)
  Sigmund (D:2)
  4 air elementals
  86 redbacks
  A fire dragon skeleton (Crypt:3)
  60 flying skulls
  A ynoxinul (Depths:3)
  3 ettin skeletons (Vaults:3)
  A spriggan skeleton (Depths:1)
  30 tarantellas
  31 wraiths
  An ice dragon skeleton (Depths:1)
  12 spriggans
  6 wyverns
  23 water elementals
  13 shadows
  52 yaks
  3 fire elementals
  6 basilisks
  A basilisk (shapeshifter) (Vaults:5)
  A neqoxec (Depths:3)
  8 vampire mosquitoes
  A golden eye (shapeshifter) (D:15)
  Grum (D:9)
  An elf skeleton (Vaults:3)
  4 wargs
  A sea snake simulacrum (Hell)
  A steam dragon (D:10)
  10 swamp worms
  3 acid dragons
  41 hell hounds
  3 hydra simulacra
  17 water moccasins
  A floating eye (Depths:4)
  A hornet zombie (D:6)
  44 orc warriors
  A torturous demonspawn skeleton (Crypt:2)
  A monstrous demonspawn skeleton (Crypt:2)
  12 necrophages
  3 swamp drakes
  3 sky beasts
  4 manticore zombies
  7 ogres
  2 swamp dragon zombies
  2 black bears (Lair:1)
  A boggart (D:13)
  8 wolves
  7 centaurs
  2 snapping turtle zombies
  A snapping turtle skeleton (Crypt:3)
  2 swamp dragon skeletons (Swamp:4)
  5 phantoms
  5 kobold brigands
  A lemure (D:5)
  A draconian zombie (Crypt:2)
  15 bullfrogs
  3 scorpions
  A gnoll sergeant (D:10)
  A cane toad simulacrum (Crypt:1)
  2 earth elementals
  A cyclops skeleton (Crypt:1)
  25 wights
  6 killer bees (D:7)
  2 howler monkeys
  4 electric eels
  A raiju skeleton (Crypt:1)
  A bullfrog zombie (Crypt:1)
  A black bear zombie (Crypt:1)
  27 iron imps
  3 jellies
  4 hounds
  2 centaur zombies
  A gnoll shaman (D:6)
  25 orc priests
  2 human zombies
  3 centaur skeletons
  5 iguanas
  36 orc wizards
  A naga skeleton (Crypt:1)
  2 hound skeletons (D:4)
  4 mummies
  27 gnolls
  A howler monkey skeleton (D:5)
  A howler monkey zombie (D:10)
  11 adders
  A shadow imp (D:6)
  5 white imps
  3 ufetubi
  An adder skeleton (D:4)
  A worm (D:5)
  A barachi zombie (Crypt:2)
  2 dart slugs
  94 orcs
  4 bats
  11 endoplasms
  2 giant cockroaches (D:4)
  17 goblins
  13 hobgoblins
  2 jackals (D:3)
  4 quokkas
  7 ball pythons
  A ball python skeleton (Crypt:1)
  4 frilled lizards
  15 kobolds
  A kobold zombie (Dis:3)
  An orc zombie (Crypt:3)
  2 rats
  A spectral orc (D:9)
  2 briar patches (Swamp:4)
  A tentacle (Hell)
2633 creatures vanquished.

Vanquished Creatures (collateral kills)
  4 titans
  A lich (Vaults:5)
  A shadow dragon (Vaults:4)
  3 tengu reavers
  An iron dragon (Vaults:4)
  3 frost giants
  2 imperial myrmidons (Desolation)
  A fire giant (Vaults:4)
  A vault warden (Vaults:5)
  A spectral caustic shrike (Depths:1)
  An ironbound preserver (Vaults:5)
  2 very ugly things (Depths:4)
  A stone giant (Vaults:5)
  2 ettins
  3 ragged hierophants (Desolation)
  2 shambling mangroves (Swamp:4)
  A yaktaur captain (Vaults:4)
  A rakshasa (Depths:4)
  A fire dragon (Depths:1)
  4 peacekeepers (Desolation)
  4 servants of whispers (Desolation)
  An ice dragon (Depths:1)
  An alligator (Swamp:4)
  2 tengu warriors (Depths:1)
  3 dancing weapons (Elf:2)
  A deep elf knight (Elf:2)
  A goliath frog (Swamp:4)
  3 spriggan druids (Swamp:4)
  A glowing orange brain (shapeshifter) (Depths:4)
  A deep elf archer (Elf:1)
  2 spectral hydras (Swamp:4)
  An ironbound convoker (Desolation)
  2 necromancers (Vaults:5)
  5 deep elf pyromancers (Elf:1)
  2 phantasmal warriors
  3 ugly things
  3 deep elf zephyrmancers (Elf:1)
  A will-o-the-wisp (Swamp:4)
  A guardian serpent (Desolation)
  2 yaktaurs (Vaults:5)
  A hydra zombie (Swamp:4)
  2 death drake zombies (Swamp:4)
  2 hornets (Swamp:4)
  26 saltlings (Desolation)
  A death drake skeleton (Swamp:4)
  A hydra skeleton (Swamp:4)
  A tarantella (Vaults:5)
  A spriggan (Swamp:4)
  A swamp worm (Swamp:4)
  2 swamp dragon zombies (Swamp:4)
  A swamp drake (Swamp:4)
  2 briar patches (Swamp:4)
117 creatures vanquished.

Vanquished Creatures (others)
  A deep troll earth mage (Depths:4)
  A spectral hydra (Swamp:4)
  2 deep elf pyromancers (Elf:1)
  A human (D:6)
  13 bushes (D:15)
  A butterfly (D:15)
  14 foxfires
  16 fungi
  28 plants
  6 tentacles (Hell)
83 creatures vanquished.

Grand Total: 2833 creatures vanquished

Notes
Turn   | Place    | Note
-------+----------+-------------------------------------------
     0 | D:1      | Cykl0x the Minotaur Fighter began the quest for the Orb.
     0 | D:1      | Reached XP level 1. HP: 19/19 MP: 0/0
   458 | D:1      | Reached XP level 2. HP: 27/27 MP: 1/1
   627 | D:1      | Found a faded altar of an unknown god.
   757 | D:1      | Found Pitrumoi's Distillery.
  1034 | D:2      | Reached skill level 1 in Dodging
  1034 | D:2      | Reached XP level 3. HP: 33/33 MP: 2/2
  1130 | D:2      | Noticed Sigmund
  1230 | D:2      | Killed Sigmund
  1231 | D:2      | Reached skill level 1 in Throwing
  1231 | D:2      | Reached XP level 4. HP: 6/41 MP: 3/3
  1231 | D:2      | Reached XP level 5. HP: 7/47 MP: 4/4
  2114 | D:3      | Reached XP level 6. HP: 30/53 MP: 5/5
  2315 | D:3      | Reached skill level 5 in Armour
  2704 | D:3      | Found a stormy altar of Qazlal.
  3469 | D:4      | Reached XP level 7. HP: 47/60 MP: 6/6
  3611 | D:4      | Found Ceysh's Book Boutique.
  3657 | D:4      | Reached skill level 5 in Shields
  4258 | D:5      | Entered Level 5 of the Dungeon
  4278 | D:5      | Found a hide-covered altar of Uskayaw.
  4395 | D:5      | Reached skill level 5 in Fighting
  4395 | D:5      | Reached skill level 5 in Long Blades
  5202 | D:5      | Reached XP level 8. HP: 73/73 MP: 7/7
  5571 | D:6      | Reached XP level 9. HP: 74/80 MP: 8/8
  5828 | D:6      | Found a staircase to the Ecumenical Temple.
  5835 | Temple   | Entered the Ecumenical Temple
  5844 | Temple   | Became a worshipper of the Shining One
  6095 | D:6      | Noticed Pikel
  6409 | D:5      | Noticed an unseen horror
  6417 | D:5      | Killed an unseen horror
  6418 | D:5      | Reached skill level 1 in Invocations
  6635 | D:5      | Found a glowing silver altar of Zin.
  7353 | D:6      | Killed Pikel
  7462 | D:6      | Reached * piety under the Shining One
  7694 | D:6      | Found an ancient bone altar of Kikubaaqudgha.
  7722 | D:6      | Reached XP level 10. HP: 88/88 MP: 10/10
  8114 | D:7      | Found a burning altar of Makhleb.
  8351 | D:7      | Noticed Harold
  8379 | D:7      | HP: 3/88 [Harold (14)]
  8382 | D:7      | Killed Harold
  9721 | D:8      | Found a broken altar of Ashenzari.
  9938 | D:8      | Reached ** piety under the Shining One
 10266 | D:8      | Identified a scroll of acquirement
 10266 | D:8      | Acquired a manual of Fighting
 10331 | D:9      | Noticed Gastronok
 10371 | D:9      | Killed Gastronok
 10372 | D:9      | Reached skill level 10 in Long Blades
 10372 | D:9      | Reached XP level 11. HP: 50/97 MP: 11/13
 10559 | D:9      | Found a sparkling altar of Nemelex Xobeh.
 10872 | D:9      | Noticed a two-headed ogre
 10872 | D:9      | Noticed a two-headed ogre
 10873 | D:9      | Noticed brob1's ghost (journeyman DjFE)
 10874 | D:9      | Found a bloodstained altar of Trog.
 10875 | D:9      | Found a transporter.
 10894 | D:9      | Found a transporter.
 10985 | D:9      | Reached skill level 5 in Throwing
 11313 | D:9      | Noticed a two-headed ogre
 11340 | D:9      | Killed a two-headed ogre
 11742 | D:9      | Noticed Grum
 11754 | D:9      | Killed Grum
 11890 | D:9      | Found a basalt altar of Yredelemnul.
 11973 | D:10     | Entered Level 10 of the Dungeon
 12027 | D:10     | Reached skill level 10 in Fighting
 12148 | D:10     | Found a sacrificial altar of Ru.
 12148 | D:10     | Found a snail-covered altar of Cheibriados.
 12187 | D:10     | Noticed a two-headed ogre
 12214 | D:10     | Killed a two-headed ogre
 12215 | D:10     | Reached skill level 5 in Invocations
 12410 | D:10     | Identified the +0 chain mail of Courage {rN+++ Regen+ MP-9
                  | Dex-4}
 12442 | D:10     | Acquired a +2 tower shield of protection
 12834 | D:10     | Reached skill level 10 in Armour
 13185 | D:10     | Found a staircase to the Orcish Mines.
 13920 | D:11     | Noticed a two-headed ogre
 13929 | D:11     | Killed a two-headed ogre
 14033 | D:11     | Reached *** piety under the Shining One
 14052 | D:11     | Found a staircase to the Lair.
 14366 | D:11     | Noticed a cyan ugly thing
 14375 | D:11     | Killed a cyan ugly thing
 14376 | D:11     | Reached XP level 12. HP: 99/108 MP: 15/15
 14512 | D:11     | Found Yzola's Demolitions Depot.
 14782 | D:11     | Noticed Cykl0x's ghost (journeyman GrFi)
 14783 | D:11     | Found a transporter.
 14783 | D:11     | Identified the +8 dire flail "Agiegum" {venom, rF+ rCorr
                  | Str+3 Int+3}
 14783 | D:11     | Noticed a two-headed ogre
 14784 | D:11     | Noticed a two-headed ogre
 14787 | D:11     | Found a transporter.
 15414 | D:12     | Reached skill level 10 in Shields
 15569 | D:12     | Noticed a boulder beetle
 15579 | D:12     | Killed a boulder beetle
 15853 | D:12     | Noticed Psyche
 15857 | D:12     | Noticed a two-headed ogre
 15860 | D:12     | Noticed a two-headed ogre
 15861 | D:12     | Killed Psyche
 15868 | D:12     | Killed a two-headed ogre
 15873 | D:12     | Killed a two-headed ogre
 15938 | D:12     | Noticed a death knight
 15963 | D:12     | HP: 4/110 [phantasmal warrior[a death knight] (9)]
 16513 | D:12     | Killed a death knight
 16746 | D:12     | Noticed Snorg
 16759 | D:12     | Killed Snorg
 17002 | D:13     | Noticed a centaur warrior
 17012 | D:13     | Killed a centaur warrior
 17170 | D:13     | Noticed a two-headed ogre
 17175 | D:13     | Killed a two-headed ogre
 17522 | D:13     | Reached **** piety under the Shining One
 17541 | D:13     | Reached XP level 13. HP: 48/117 MP: 14/17
 18230 | D:13     | Found a gate to the Vaults.
 20034 | D:15     | Entered Level 15 of the Dungeon
 20435 | D:15     | Noticed Josephine
 20446 | D:15     | Killed Josephine
 20734 | D:15     | Noticed a bunyip
 20734 | D:15     | a slime creature changed into a bunyip
 20737 | D:15     | Killed a bunyip
 21176 | D:15     | Found a white marble altar of Elyvilon.
 21647 | D:15     | Reached ***** piety under the Shining One
 21661 | D:15     | Reached XP level 14. HP: 127/127 MP: 19/19
 22188 | D:15     | Found a staircase to the Depths.
 22426 | Lair:1   | Entered Level 1 of the Lair of Beasts
 22677 | Lair:1   | Noticed Nilyhal's ghost (journeyman DrCj)
 22696 | Lair:1   | Found a runed translucent gate.
 22696 | Lair:1   | Found a runed translucent gate.
 22696 | Lair:1   | Found a runed translucent gate.
 22747 | Lair:1   | Killed Nilyhal's ghost
 23439 | Lair:2   | Found a hole to the Spider Nest.
 23529 | Lair:2   | Found a runed translucent door.
 23529 | Lair:2   | Noticed ghwc's ghost (journeyman VSBe)
 23616 | Lair:2   | Killed ghwc's ghost
 25751 | Lair:3   | Reached skill level 10 in Invocations
 26503 | Lair:3   | Noticed Rupert
 26512 | Lair:3   | Found a runed translucent door.
 26539 | Lair:3   | Killed Rupert
 26540 | Lair:3   | Reached XP level 15. HP: 110/138 MP: 21/21
 27010 | Lair:3   | Gained mutation: You are frail. (-10% HP) [potion of
                  | mutation]
 27010 | Lair:3   | Gained mutation: You have large cloven feet. [potion of
                  | mutation]
 27010 | Lair:3   | Gained mutation: You have an increased reservoir of magic.
                  | (+10% MP) [potion of mutation]
 27011 | Lair:3   | Lost mutation: You are frail. (-10% HP) [potion of
                  | mutation]
 27011 | Lair:3   | Lost mutation: You have large cloven feet. [potion of
                  | mutation]
 27011 | Lair:3   | Gained mutation: Your muscles are strong. (Str +2) [potion
                  | of mutation]
 27011 | Lair:3   | Lost mutation: You have an increased reservoir of magic.
                  | (+10% MP) [potion of mutation]
 27011 | Lair:3   | Gained mutation: Your mind is acute. (Int +2) [potion of
                  | mutation]
 27146 | Lair:4   | Found a staircase to the Swamp.
 27173 | Lair:4   | The Shining One protects you from harm!
 27195 | Lair:4   | Reached skill level 10 in Throwing
 28816 | Lair:5   | Found a staircase to the Slime Pits.
 29628 | Lair:5   | Identified the +2 battleaxe "Yczo" {holy, rF+}
 29801 | Lair:6   | Entered Level 6 of the Lair of Beasts
 30286 | Lair:6   | Reached skill level 1 in Evocations
 30627 | Lair:6   | Reached skill level 15 in Fighting
 31462 | Orc:1    | Entered Level 1 of the Orcish Mines
 31636 | Orc:2    | Entered Level 2 of the Orcish Mines
 31710 | Orc:2    | Reached skill level 15 in Shields
 31756 | Orc:2    | Reached ****** piety under the Shining One
 31789 | Orc:2    | Noticed an orc warlord
 31806 | Orc:2    | Killed an orc warlord
 31943 | Orc:2    | Reached XP level 16. HP: 139/149 MP: 23/23
 32159 | Orc:2    | Found Inguaky's General Store.
 32161 | Orc:2    | Found Qebiti's Jewellery Boutique.
 32164 | Orc:2    | Found Duxoalif's Antique Armour Shop.
 32164 | Orc:2    | Found Gycw's Antique Weapon Shop.
 32193 | Orc:2    | Bought a ring of resist corrosion for 280 gold pieces
 32280 | Orc:2    | Found a staircase to the Elven Halls.
 33255 | Spider:1 | Entered Level 1 of the Spider Nest
 33436 | Spider:1 | Reached skill level 15 in Long Blades
 34146 | Spider:1 | Reached skill level 10 in Dodging
 36435 | Spider:2 | Noticed Agnes
 36451 | Spider:2 | Killed Agnes
 36845 | Spider:3 | Identified the +3 leather armour of Gozag's Whim {Contam
                  | Rampage Will++ Str-4}
 37513 | Spider:3 | Reached XP level 17. HP: 128/159 MP: 24/24
 38050 | Spider:4 | Entered Level 4 of the Spider Nest
 38256 | Spider:4 | Found the +3 Elemental Staff {rElec rF++ rC++ Will++ AC+5}
 38257 | Spider:4 | Found a runed translucent door.
 38257 | Spider:4 | Found a shimmering altar of Xom.
 38257 | Spider:4 | Noticed Vubreenic's ghost (adept CeHu)
 38257 | Spider:4 | Identified the +8 battleaxe of Integrity {chaos, rPois
                  | Int+5}
 39499 | Spider:4 | Acquired 800 gold pieces
 39649 | Spider:4 | Got a gossamer rune of Zot
 40150 | Depths:1 | Entered Level 1 of the Depths
 40628 | Vaults:1 | Entered Level 1 of the Vaults
 40880 | Vaults:1 | Found Ecuyst's Book Boutique.
 40929 | Vaults:1 | Found a crumbling gateway.
 40937 | Desolati | Entered the Desolation of Salt
 41139 | Desolati | Identified the +4 plate armour of the Pink Corner {*Corrode
                  | rElec Dex+2}
 41593 | Desolati | Reached XP level 18. HP: 27/170 MP: 5/26
 41615 | Desolati | Found the +9 heavy crossbow "Sniper" {vorpal, Acc+∞ SInv}
 41629 | Desolati | Identified the +7 falchion of the Hungering Asp {holy,
                  | rPois}
 41647 | Desolati | Identified the amulet "Vexzah" {Faith Rampage rF+}
 42104 | Desolati | Identified the +1 pair of boots "Hakumote" {Rampage rF+ rC+
                  | Str-4}
 42110 | Desolati | Identified the +0 scale mail "Haisoapn" {Harm rC+ Will+}
 42110 | Desolati | Identified the ring of Suspicion {rCorr Int+4}
 42171 | Desolati | Got the Almanac of Freezing Calling
 46635 | Vaults:2 | Reached XP level 19. HP: 179/179 MP: 27/27
 48110 | Vaults:3 | Noticed Donald
 48122 | Vaults:3 | Killed Donald
 48598 | Vaults:3 | Found a staircase to the Crypt.
 48834 | Vaults:3 | Noticed Boris
 48845 | Vaults:3 | Killed Boris
 49554 | Vaults:4 | Noticed Boris
 49567 | Vaults:4 | Killed Boris
 50255 | Vaults:4 | Found Lusal's Antique Armour Emporium.
 50263 | Vaults:4 | Bought a pair of translucent gloves for 313 gold pieces
 50263 | Vaults:4 | Identified the +0 pair of gloves of the Furrier {rElec rN+
                  | Regen+} (You bought it in a shop on level 4 of the Vaults)
 50446 | Vaults:4 | Reached skill level 15 in Armour
 50927 | Vaults:4 | Found the +8 storm bow {elec, penet}
 50969 | Vaults:4 | Reached XP level 20. HP: 175/189 MP: 21/28
 51103 | Vaults:5 | Entered Level 5 of the Vaults
 51103 | Vaults:5 | Noticed a golden dragon
 51717 | Vaults:5 | Identified the +11 bardiche of Quoshuxt {speed, rElec}
 51717 | Vaults:5 | Identified the ring of the Distant Future {Wiz rPois}
 51875 | Vaults:5 | Killed a golden dragon
 52026 | Vaults:5 | Identified the ring "Suvam" {Wiz rF+ Stlth+}
 52141 | Vaults:5 | Reached XP level 21. HP: 111/198 MP: 30/30
 52188 | Vaults:5 | Identified the +5 war axe of Valour {antimagic, Fly rElec
                  | Int-5 Dex+7}
 52193 | Vaults:5 | Noticed an ancient lich
 52217 | Vaults:5 | Killed an ancient lich
 52420 | Vaults:5 | Identified the +2 hand axe "Basimepp" {vorpal, Str+5}
 52451 | Vaults:5 | Noticed a golden dragon
 52485 | Vaults:5 | Killed a golden dragon
 52570 | Vaults:5 | Identified the ring of Fedhas's Hope {Fly rPois rF+}
 53366 | Vaults:5 | Got a silver rune of Zot
 53432 | Vaults:5 | Noticed a dread lich
 53443 | Vaults:5 | Killed a dread lich
 53802 | Crypt:1  | Entered Level 1 of the Crypt
 53806 | Crypt:1  | Noticed Frederick
 53843 | Crypt:1  | Killed Frederick
 53985 | Crypt:1  | Noticed Sojobo
 53991 | Crypt:1  | Paralysed by an air elemental for 1 turns
 54008 | Crypt:1  | Paralysed by an air elemental for 1 turns
 54032 | Crypt:1  | Killed Sojobo
 54316 | Crypt:1  | Identified a +9 eudemon blade of holy wrath (a +7 demon
                  | blade of flaming blessed by the Shining One)
 54316 | Crypt:1  | Received a gift from the Shining One
 54361 | Crypt:1  | Reached XP level 22. HP: 62/209 MP: 31/31
 54563 | Crypt:1  | Identified the +0 leather armour "Igixauhy" {rC+ Stlth+}
 54967 | Swamp:1  | Entered Level 1 of the Swamp
 55575 | Swamp:2  | Noticed Roxanne
 55652 | Swamp:2  | Killed Roxanne
 55773 | Swamp:2  | You fall into a shaft and drop 1 floor!
 56093 | Swamp:2  | Identified the +6 plate armour of the Queen of Pentacles
                  | {rF- rCorr Int-4 Dex+8}
 56500 | Swamp:4  | Entered Level 4 of the Swamp
 56582 | Swamp:4  | Noticed Aizul
 56595 | Swamp:4  | Killed Aizul
 56644 | Swamp:4  | Found a basalt altar of Yredelemnul.
 56766 | Swamp:4  | Found a blossoming altar of Fedhas.
 56809 | Swamp:4  | Got a decaying rune of Zot
 56810 | Swamp:4  | Acquired 339 gold pieces
 57393 | Depths:1 | Identified the ring of Daffodils {rPois rN+++ rCorr Stlth-}
 57537 | Depths:1 | Reached XP level 23. HP: 220/220 MP: 20/32
 57563 | Depths:1 | Found a white marble altar of Elyvilon.
 57564 | Depths:1 | Found an ancient bone altar of Kikubaaqudgha.
 57691 | Depths:1 | Found a sparkling altar of Nemelex Xobeh.
 57691 | Depths:1 | Found a stormy altar of Qazlal.
 57726 | Depths:1 | Found a gateway to Hell.
 57778 | Depths:1 | Got Doumess's Tome of the Entrancing Snowflakes
 57781 | Depths:1 | Identified the +1 leather armour "Zohoubigibb" {Str+4}
 58239 | Depths:1 | Found a one-way gate leading to the halls of Pandemonium.
 58485 | Depths:1 | Identified the amulet "Siceymerr" {Spirit Str+7 Int+3
                  | Slay-4 Stlth-}
 58716 | Depths:2 | Reached skill level 15 in Dodging
 59263 | Depths:2 | Acquired 913 gold pieces
 59646 | Depths:2 | Found a corrupted altar of Lugonu.
 59647 | Depths:2 | Found a one-way gate to the infinite horrors of the Abyss.
 60082 | Depths:3 | Gained mutation: You expend magic power (3 MP) to
                  | strengthen your wands. [a cacodemon]
 60637 | Depths:3 | Found a glowing golden altar of the Shining One.
 60726 | Depths:3 | Noticed a juggernaut
 60744 | Depths:3 | Killed a juggernaut
 60762 | Depths:3 | Got the Compendium of Transmigration
 61039 | Depths:4 | Noticed the Enchantress
 61049 | Depths:3 | Reached XP level 24. HP: 233/233 MP: 32/32
 61172 | Depths:3 | Killed the Enchantress
 61290 | Depths:4 | Noticed Margery
 61300 | Depths:4 | Killed Margery
 62092 | Depths:4 | Paralysed by a floating eye for 3 turns
 62098 | Depths:4 | Paralysed by a floating eye for 4 turns
 62227 | Depths:4 | Identified the +0 ring mail of Xefiz {Str+3 Dex+2}
 62268 | Depths:4 | Reached skill level 27 in Shields
 62323 | Depths:4 | Identified the ring "Coru" {rPois rN+ Int+6 Stlth+}
 62546 | Depths:5 | Entered Level 5 of the Depths
 62880 | Elf:1    | Entered Level 1 of the Elven Halls
 63646 | Elf:2    | Found a runed translucent gate.
 63646 | Elf:2    | Found a runed translucent gate.
 63647 | Elf:2    | Found a runed translucent gate.
 63808 | Elf:2    | Paralysed by an air elemental for 1 turns
 63813 | Elf:2    | Paralysed by an air elemental for 1 turns
 64237 | Elf:2    | Reached XP level 25. HP: 245/245 MP: 21/32
 64581 | Elf:3    | Entered Level 3 of the Elven Halls
 64593 | Elf:3    | Found a flickering gateway to a bazaar.
 64596 | Elf:3    | Paralysed by an air elemental for 1 turns
 64602 | Bazaar   | Entered a bazaar
 64612 | Bazaar   | Found Leho's Jewellery Emporium.
 64612 | Bazaar   | Found Cosac's Book Shoppe.
 64709 | Elf:3    | Paralysed by an air elemental for 1 turns
 65494 | Elf:3    | Got the Compendium of Sinister Earth
 65498 | Elf:3    | Found the +3 pair of seven-league boots {Rampage+∞}
 65507 | Elf:3    | Got the Catalogue of Weightlessness
 65565 | Elf:3    | Got Waxeevyu's Papyrus of the Oath and Changing
 66590 | Depths:5 | Found an opulent altar of Gozag.
 66727 | Depths:5 | Found a gateway to a ziggurat.
 66872 | Depths:5 | Identified the +14 plate armour of Watchfulness {*Corrode
                  | Drain rElec Int+9}
 66938 | Depths:5 | Reached skill level 15 in Throwing
 66972 | Depths:5 | Found a gate to the Realm of Zot.
 67312 | Depths:5 | Identified the ring of Naninwis {rPois rF- Will++ EV+4
                  | Int+4}
 68176 | Crypt:2  | Noticed Bai Suzhen
 68200 | Crypt:2  | Killed Bai Suzhen
 68349 | Crypt:2  | Reached XP level 26. HP: 254/259 MP: 32/32
 68649 | Crypt:3  | Entered Level 3 of the Crypt
 68881 | Crypt:3  | Found an ancient bone altar of Kikubaaqudgha.
 68881 | Crypt:3  | Noticed a dread lich
 68892 | Crypt:3  | Killed a dread lich
 68932 | Crypt:3  | Identified the +0 leather armour of the Scorching Seas {Fly
                  | Str+4 Int+2}
 68933 | Crypt:3  | Identified the +9 morningstar of the Philosopher {flame,
                  | rElec rCorr Dex+3}
 70313 | Crypt:3  | Found a staircase to the Tomb.
 70870 | Hell     | Entered the Vestibule of Hell
 70870 | Hell     | Noticed Geryon
 70997 | Hell     | Killed Geryon
 71055 | Hell     | Found a gateway to the decaying netherworld of Tartarus.
 71148 | Hell     | Found a gateway to the freezing wastes of Cocytus.
 71385 | Hell     | Found a gateway to the Iron City of Dis.
 71463 | Hell     | Found a gateway to the ashen valley of Gehenna.
 71655 | Hell     | Learned a level 2 spell: Wereblood
 72408 | Dis:1    | Entered Level 1 of the Iron City of Dis
 72419 | Dis:1    | Reached skill level 27 in Fighting
 72545 | Dis:1    | Reached skill level 1 in Transmutations
 72582 | Dis:1    | Reached skill level 1 in Spellcasting
 73527 | Dis:2    | Reached XP level 27. HP: 185/273 MP: 32/32
 75552 | Dis:4    | Reached skill level 5 in Transmutations
 75559 | Dis:4    | Lost mutation: Your muscles are strong. (Str +2) [a
                  | cacodemon]
 76018 | Dis:5    | You fall into a shaft and drop 1 floor!
 76762 | Dis:7    | Entered Level 7 of the Iron City of Dis
 76883 | Dis:7    | Reached skill level 5 in Spellcasting
 77036 | Dis:7    | Killed from afar by a Hell Sentinel

Illustrated notes

Levels and vault maps discovered:
D:1:      saegor_arrival_simple_d, layout_rooms, serial_shops, shop,
          chequers_ecumenical_altar_island, chequers_hall_statues_corner_a
D:2:      layout_loops_ring, grunt_ministairs_5, uniq_sigmund
D:3:      layout_loops_ring, grunt_qazlal_clouds
D:4:      layout_basic, serial_shops, shop_statue, minmay_checkerbox
D:5:      layout_layer_cave, zin_academy, amcnicky_altar_gilded,
          minmay_crystal_water
D:6:      minmay_opposing_rooms, layout_rooms, tgw_kikubaaqudgha,
          minmay_temple_entry_arrows, uniq_pikel
D:7:      layout_basic, mainiacjoe_overflow_paths, minmay_misc_feat_five,
          dk_noncrumbling_4, uniq_harold
D:8:      corexii_shantytown, layout_loops_ring, nicolae_ashenzari_panopticon
D:9:      layout_irregular_city, mainiacjoe_overflow_chevrons,
          yredelemnul_forgotten_temple_becter,
          gammafunk_ghost_wrathful_warriors, uniq_gastronok, uniq_grum
D:10:     layout_loops_corners, jmf_multi_god_temple, erik_orc_3
D:11:     layout_stronghold, lair_entry_dummy, gammafunk_ghost_smash,
          hangedman_decor_slide_cut, nicolae_blasting_shop, minmay_microvault
D:12:     layout_basic, uniq_snorg, uniq_psyche
D:13:     layout_rooms, hangedman_vaults_entry_quadrant_bands,
          grunt_ministairs_3, st_stairs_7
D:14:     layout_long_grid, chequers_serial_rivers_room_b
D:15:     gammafunk_enter_depths_forms, layout_loops_ring,
          nicolae_elyvilon_peaceful_grove, uniq_josephine
Temple:   nicolae_temple_x_marks_the_god
Lair:1:   layout_chaotic_city, maelrawn_ghost_gauntlet_escape,
          beast_lair_carwin_4
Lair:2:   nzn_winding_woodlands_huge [nzn_winding_woodlands_5x15_parted,
          nzn_winding_woodlands_5x15_sidewinder,
          nzn_winding_woodlands_5x15_concentric,
          nzn_winding_woodlands_5x15_default,
          nzn_winding_woodlands_5x15_river_crossing,
          nzn_winding_woodlands_5x15_cabin, nzn_winding_woodlands_5x15_default,
          nzn_winding_woodlands_5x15_lazy_stream,
          nzn_winding_woodlands_5x15_eye, nzn_winding_woodlands_5x15_crooked,
          nzn_winding_woodlands_center_pierced_h,
          nzn_winding_woodlands_center_lodge,
          nzn_winding_woodlands_15x15_five_gardens], layout_chaotic_city,
          spider_nest_entry_web_field, hellmonk_ghost_happy_afterlife
Lair:3:   layout_hall_layers, pf_torpor_hydra, grunt_megastairs_2, uniq_rupert
Lair:4:   layout_hall_layers, swamp_mist_pool, minmay_lair_oklob_chamber
Lair:5:   dpeg_oklob_gauntlet, layout_cave_pods,
          minmay_slime_entry_oklob_enclosed
Lair:6:   evilmike_catoblepas_cave, layout_misc_corridors,
          bobbens_ice_dragon_lair, lemuel_fruit_fields
Swamp:1:  layout_falls_marsh, evilmike_swamp_ruin_house_5
Swamp:2:  nicolae_swamp_tree_isthmus, layout_falls_marsh,
          nicolae_swamp_fairy_circle, uniq_roxanne
Swamp:3:  layout_basic_swamp, nicolae_swamp_bean_lake, swamp_pool4
Swamp:4:  byrel_swamp_growth_death_and_undeath, layout_basic_swamp, uniq_aizul
Spider:1: layout_chambers, guppyfry_hornet_nest,
          hangedman_spider_tarantella_strand
Spider:2: layout_spider_delve, uniq_agnes
Spider:3: layout_spider_delve
Spider:4: grunt_spider_rune_island, ebering_ghost_xom
Orc:1:    layout_diamond_mine
Orc:2:    st_orc_congregation, layout_caves, basic_altar
Elf:1:    eino_elf_arrival_shootout, layout_gridlike,
          kennysheep_underground_church, grunt_ministairs_8
Elf:2:    nicolae_elf_blades_splatter_lattice [nooodl_blade_entry_preview],
          layout_geoelf_diagonals
Elf:3:    minmay_elf_hall_not_hex, layout_loops_corners, serial_shops,
          bzr_entry_dummy, lemuel_flamethrower_3
Vaults:1: v_misc_23, v_pattern_1, nicolae_vaults_shelves_hall, vaults_room_pool,
          nicolae_vaults_big_angled_halls, nicolae_vaults_sealed_display,
          vaults_room_grid, v_misc_10, ontoclasm_vaults_idyll,
          nicolae_vaults_ring_of_whatevers, vaults_dpeg_hooks,
          layout_vaults_maze_bifur, serial_shops, shop,
          portal_desolation_entry_ruin
Vaults:2: vaults_dpeg_ring, hangedman_vaults_stitches, vaults_dpeg_cross,
          nicolae_vaults_three_branches, ontoclasm_vaults_tryst,
          hangedman_vaults_maws, nicolae_vaults_mini_display_case, v_misc_27,
          nicolae_vaults_statue_guard, nicolae_vaults_little_squares_5,
          nicolae_vaults_little_squares_1, vaults_room_corners,
          layout_vaults_omnibox
Vaults:3: nicolae_vaults_little_squares_5, minmay_crypt_entry_skeletal_spiral,
          vaults_room_octagon, nicolae_vaults_little_ls,
          ontoclasm_vaults_misaligned, nicolae_vaults_circle_grid_b,
          vaults_dpeg_encased_lava, nicolae_vaults_ring_of_whatevers,
          layout_vaults_chaotic_city, uniq_donald, uniq_boris
Vaults:4: hangedman_vaults_stagger, nicolae_vaults_network_s,
          hangedman_vaults_unwind, minmay_guarded_unrand_secular_launcher,
          ontoclasm_vaults_chip, ontoclasm_vaults_shuriken,
          layout_vaults_omnigrid, serial_shops, nicolae_shop_crystal
Vaults:5: serial_shops
Crypt:1:  layout_misc_corridors, uniq_frederick, uniq_sojobo
Crypt:2:  layout_gridlike, uniq_bai_suzhen
Crypt:3:  cryptofortress_bobbens
Depths:1: minmay_the_grid_octo_tiled_octocenter
          [minmay_the_grid_octo_checkerflower, minmay_the_grid_octo_clover,
          minmay_the_grid_octo_horde, minmay_the_grid_octo_shrine,
          minmay_the_grid_octo_prize_ultimate_mussel_roller,
          minmay_the_grid_square_5x5_forky,
          minmay_the_grid_square_5x5_two_walls_a,
          minmay_the_grid_square_5x5_beaten_path,
          minmay_the_grid_square_5x5_comb], layout_twisted_cross,
          minmay_misc_feat_tiny, grunt_pan_entry_zigzag,
          pf_hell_entry_tar_river, skrybe_limestone_x, minmay_misc_feat_chi,
          minmay_metal_thing
Depths:2: minmay_bloctagon, layout_cave_shapes, grunt_mini_vestibule,
          abyss_entry_flame_altar
Depths:3: kennysheep_oblong_rooms, layout_gridlike, minmay_holes, hell_entry,
          grunt_pan_entry_in_and_out, nicolae_tso_swordbearing_angel
Depths:4: kennysheep_large_vault, layout_cave_pools, abyss_entry_crystal,
          hangedman_coc_ice_floe, infiniplex_staircase_pool_2, uniq_margery,
          uniq_enchantress
Depths:5: evilmike_zot_entry_round, layout_basic, enter_ziggurat_e, hell_entry,
          nicolae_gozag_cash_rules_everything_around_me
Hell
Dis:1:    layout_jigsaw
Dis:2:    layout_subdivisions, hangedman_player_shredder
Dis:3:    layout_regular_city
Dis:4:    layout_gridville, lemuel_elevator
Dis:5:    layout_jigsaw
Dis:6:    layout_subdivisions
Dis:7:    dis_hangedman

Skill      XL: |  1  2  3  4  5  6  7  8  9 10 11 12 13 14 15 16 17 18 19 20 21 22 23 24 25 26 27 |
---------------+----------------------------------------------------------------------------------+-----
Fighting       | 4 7 8 9 10 11 12 14 15 16 17 18 19 21 22 24 25 27 | 27.0
Armour         | 4 5 8 9 10 11 12 13 14 15 16 17 18 19 21 22 23 | 23.2
Dodging        | 1 2 3 8 9 10 11 12 13 14 15 16 17 18 19 | 19.7
Shields        | 4 8 9 11 12 13 15 17 19 20 21 23 24 25 26 27 | 27.0
Long Blades    | 3 4 7 9 10 11 12 13 14 15 16 17 | 17.0
Throwing       | 1 2 3 4 6 7 9 10 11 12 13 16 18 | 18.2
Invocations    | 2 4 5 7 8 10 11 12 13 14 | 14.2
Evocations     | 1 |  1.2
Transmutations | 2 6 |  6.2
Spellcasting   | 2 5 |  5.1

Action                   |  1- 3 |  4- 6 |  7- 9 | 10-12 | 13-15 | 16-18 | 19-21 | 22-24 | 25-27 || total
-------------------------+-------+-------+-------+-------+-------+-------+-------+-------+-------++-------
Melee: Long sword        |    45 |   117 |   224 |   585 |    52 |       |       |       |       ||  1023
       Headbutt          |     5 |    25 |    49 |   140 |   287 |   404 |   382 |   458 |   660 ||  2410
       Scimitar          |       |       |       |       |   988 |  1507 |  1276 |    19 |       ||  3790
       Eudemon blade     |       |       |       |       |       |       |    14 |  1721 |  2393 ||  4128
Throw: Stone             |     9 |    43 |       |    12 |     1 |       |     1 |       |       ||    66
       Dart              |       |     5 |    46 |   164 |   286 |    88 |    91 |       |       ||   680
       Javelin           |       |     2 |    17 |    14 |    14 |     4 |   102 |    20 |    62 ||   235
       Boomerang         |       |       |       |    17 |    86 |   228 |    22 |   227 |    77 ||   657
 Cast: Wereblood         |       |       |       |       |       |       |       |       |     2 ||     2
Invok: Divine Shield     |       |       |       |     5 |     6 |     5 |    13 |    11 |     3 ||    43
       Cleansing Flame   |       |       |       |       |       |     9 |    18 |    10 |     8 ||    45
       Summon Divine War |       |       |       |       |       |     6 |     9 |    10 |     1 ||    26
       Brand Weapon With |       |       |       |       |       |       |     1 |       |       ||     1
Evoke: Wand              |       |       |       |     1 |    15 |     1 |       |       |       ||    17
  Use: Potion            |     1 |       |     3 |    13 |     6 |     7 |     4 |       |       ||    34
       Scroll            |       |     2 |     8 |    12 |     7 |     9 |    17 |     6 |     7 ||    68
Armor: Scale mail        |    18 |    37 |   110 |    18 |       |       |       |       |       ||   183
       Chain mail        |       |       |       |   111 |   158 |   468 |   104 |       |       ||   841
       Gold dragon scale |       |       |       |       |       |       |    74 |   401 |   377 ||   852
Dodge: Dodged            |    10 |    38 |    73 |   116 |   177 |   312 |   133 |   226 |   227 ||  1312
       Repelled          |       |       |       |       |       |       |       |     8 |    13 ||    21
Block: Kite shield       |    21 |    52 |   127 |   153 |       |       |       |       |       ||   353
       Tower shield      |       |       |       |   293 |  1076 |  2478 |  1468 |  1904 |  2361 ||  9580
       Reflection        |       |       |       |       |     7 |    35 |    54 |    62 |    48 ||   206
       Rpst.: Long sword |     2 |    15 |    13 |    21 |       |       |       |       |       ||    51
       Scimitar          |       |       |       |       |    32 |    44 |    18 |       |       ||    94
       Eudemon blade     |       |       |       |       |       |       |       |    19 |    32 ||    51
